AoeStats
← RueTang90

Arena

509685685Analyzed
3v3 RM · 4d ago on Sep 27, 2026· 48m 49s· 6 players
Game mode
Random Map
Map size
Normal (6 player)
Population
200
Speed
Normal
Resources
Standard
Victory
Conquest
Starting age
Dark Age
Ending age
Imperial Age
RankedLock teamsTeams togetherTeam positionsShared explorationLock speedFull tech treeHidden civsTurbo modeCheats
Victory
Defeat
🇺🇸 Bengalis · United States
1042
+14
🇩🇪 Hindustanis · Germany
1016
+15
🇩🇪 Saxons · Germany
1014
+15
🇵🇱 Ethiopians · Poland
1089
-18
🇵🇱 Tatars · Poland
1053
-17
🇵🇱 Britons · Poland
846
-9
zozolini
11:21 Feudal Age
12:21 Double-Bit Axe
12:18 Horse Collar
14:58 Castle Age
14:19 Wheelbarrow
17:32 Bow Saw
23:52 Hand Cart
24:16 Gold Mining
26:01 Gold Shaft Mining
28:36 Imperial Age
27:08 Crossbowman
27:59 Royal Heirs
28:54 Forging
28:45 Scale Mail Armor
28:49 Loom
28:59 Fletching
29:10 Padded Archer Armor
29:33 Elite Shotel Warrior
30:31 Husbandry
31:30 Iron Casting
31:16 Chain Mail Armor
31:25 Squires
31:11 Arson
32:08 Thumb Ring
31:24 Arbalester
33:35 Chemistry
32:55 Ballistics
32:41 Padded Archer Armor
32:43 Light Cavalry
33:22 Bodkin Arrow
36:06 Blast Furnace
35:07 Bracer
Szponiasty
1:58 Loom
11:48 Feudal Age
14:46 Double-Bit Axe
17:24 Castle Age
15:35 Horse Collar
18:25 Forging
18:33 Husbandry
21:50 Wheelbarrow
21:45 Town Watch
24:30 Bow Saw
24:24 Heavy Plow
25:16 Bloodlines
26:05 Scale Mail Armor
28:01 Hand Cart
28:50 Gold Mining
28:52 Stone Mining
32:11 Scale Barding Armor
32:28 Silk Armor
36:06 Imperial Age
34:04 Chain Barding Armor
35:49 Iron Casting
36:34 Elite Keshik
36:40 Elite Steppe Lancer
41:12 Blast Furnace
41:22 Plate Barding Armor
44:15 Fletching
45:52 Chemistry
45:43 Conscription
47:52 Bodkin Arrow
19Bongo96
0:27 Loom
11:13 Feudal Age
11:40 Double-Bit Axe
12:32 Wheelbarrow
11:43 Town Watch
11:46 Horse Collar
18:57 Castle Age
19:51 Bow Saw
21:12 Stone Mining
21:15 Gold Mining
23:00 Gold Shaft Mining
27:45 Heavy Plow
28:11 Fortified Wall
28:23 Ballistics
28:56 Fletching
29:07 Padded Archer Armor
29:43 Hand Cart
31:28 Town Watch
31:44 Pikeman
32:26 Squires
35:03 Imperial Age
33:34 Forging
33:25 Scale Mail Armor
33:44 Elite Skirmisher
34:45 Bodkin Arrow
35:06 Leather Archer Armor
35:08 Halberdier
37:12 Two-Man Saw
37:02 Bracer
37:35 Ring Archer Armor
40:45 Chemistry
40:24 Iron Casting
40:04 Chain Mail Armor
46:03 Onager
RueTang90
7:06 Loom
9:32 Feudal Age
13:24 Double-Bit Axe
16:25 Castle Age
17:51 Fletching
18:02 Padded Archer Armor
19:48 Wheelbarrow
19:39 Bodkin Arrow
21:36 Horse Collar
29:29 Imperial Age
27:14 Gold Mining
29:07 Scale Barding Armor
29:10 Town Watch
29:42 Hand Cart
30:14 Ballistics
30:09 Husbandry
33:04 Bloodlines
33:39 Gold Shaft Mining
33:28 Bow Saw
34:39 Leather Archer Armor
35:14 Bracer
35:57 Paiks
37:27 Chemistry
38:28 Elite Battle Elephant
39:35 Chain Barding Armor
39:26 Forging
40:20 Redemption
41:01 Plate Barding Armor
43:17 Iron Casting
43:29 Light Cavalry
46:39 Masonry
46:25 Murder Holes
46:54 Elite Elephant Archer
Libera
10:47 Feudal Age
14:53 Castle Age
12:40 Double-Bit Axe
12:50 Horse Collar
15:56 Bow Saw
17:49 Wheelbarrow
17:16 Heavy Plow
17:50 Stone Mining
20:10 Gold Mining
23:23 Hand Cart
25:07 Gold Shaft Mining
30:32 Imperial Age
27:57 Loom
27:58 Town Watch
29:15 Scale Mail Armor
29:27 Forging
29:14 Gambesons
29:30 Squires
30:34 Chain Mail Armor
30:55 Iron Casting
30:34 Town Patrol
30:40 Elite Varangian Guard
31:49 Conscription
32:50 Plate Mail Armor
31:47 Elite Hearth Troop
31:57 Shield Wall
31:58 Elite Hearth Troop
34:22 Arson
34:48 Scale Barding Armor
35:12 Treadmill Crane
36:33 Chemistry
40:23 Masonry
40:09 Murder Holes
40:34 Ballistics
40:37 Chain Barding Armor
40:08 Fletching
42:34 Hoardings
46:32 Caravan
49:09 Architecture
48:44 Siege Engineers
Huly
7:29 Loom
10:47 Feudal Age
12:16 Double-Bit Axe
13:19 Town Watch
16:58 Castle Age
17:13 Stone Mining
17:28 Scale Mail Armor
17:40 Forging
18:15 Bow Saw
17:48 Horse Collar
19:53 Heavy Plow
20:40 Gold Mining
22:44 Murder Holes
23:51 Bloodlines
28:57 Fortified Wall
30:42 Wheelbarrow
30:47 Caravan
31:11 Husbandry
31:50 Squires
32:30 Grand Trunk Road
33:32 Hand Cart
33:44 Sanctity
38:20 Imperial Age
36:10 Scale Barding Armor
37:51 Arson
39:00 Town Patrol
39:23 Masonry
40:27 Chain Barding Armor
40:43 Iron Casting
40:24 Chain Mail Armor
39:31 Heavy Camel Rider
40:53 Hoardings
41:03 Conscription
41:50 Gold Shaft Mining
41:52 Elite Ghulam
44:07 Blast Furnace
43:44 Plate Barding Armor
45:21 Ballistics
46:02 Chemistry
45:09 Imperial Camel Rider
49:32 Two-Man Saw
Connection lost

Rejoining the realm…

Still unreachable

The connection could not be restored.

Session expired

The server has moved on; the page needs a fresh start.